Sasquatch vs Remparts
Created - May 18, 2017 at 20:40
Goals
|
| Sasquatch |
3 |
1 |
0 |
4 |
| Remparts |
1 |
4 |
1 |
6 |
|
Shots
|
| Sasquatch |
14 |
10 |
13 |
37 |
| Remparts |
5 |
19 |
8 |
32 |
|
1st period
1. Sasquatch , Linus Omark 63 (Danny DeKeiser 15) at 6:01
2. Sasquatch , Lars Eller 49 (Jason Akeson 50) at 9:19 (PP)
3. Sasquatch , Jason Zucker 20 (Garnet Hathaway 13, Nick Leddy 47) at 10:26
4. Remparts , Guillaume Desbiens 37 (Johannes Salmonsson 18, Keith Ballard 39) at 12:29
Penalties :
Luca Caputi (Que) for Roughing (Minor) at 1:04, Daniel Paille (Que) for Tripping (Minor) at 9:16, Johannes Salmonsson (Que) for Hooking (Minor) at 18:38
2nd period
5. Remparts , Luca Caputi 7 (Cédric Lalonde-McNicoll 27, Petr Straka 23) at 5:58
6. Remparts , Guillaume Desbiens 38 (Johannes Salmonsson 19, Mika Zibanejad 26) at 12:23
7. Remparts , Johannes Salmonsson 18 (Mika Zibanejad 27, Guillaume Desbiens 34) at 15:05 (PP)
8. Sasquatch , Sergey Kalinin 4 (Teemu Hartikainen 6) at 18:19 (SH)
9. Remparts , Daniel Paille 40 (Jonathan Matsumoto 70) at 18:45 (PP)
Penalties :
Nate Guenin (Que) for Interference (Minor) at 2:11, Linus Omark (Gat) for Hooking (Minor) at 6:01, Teemu Hartikainen (Gat) for Tripping (Minor) at 13:27, Lars Eller (Gat) for Slashing (Minor) at 17:59, Jonathan Matsumoto (Que) for Slashing (Minor) at 19:24
3rd period
10. Remparts , Johannes Salmonsson 19 (Guillaume Desbiens 35, Keith Ballard 40) at 13:10
Penalties :
Radko Gudas (Que) for Tripping (Minor) at 5:00, Stephane Da Costa (Gat) for Interference (Minor) at 9:20, Teemu Hartikainen (Gat) for Holding (Minor) at 10:08, Luca Caputi (Que) for Tripping (Minor) at 16:10
Goalie Stats
Corey Crawford (Gat), 26 saves from 32 shots - (0.813), L, 32-15-6, 60:00 minutes
Petr Mrazek (Que), 33 saves from 37 shots - (0.892), W, 21-20-6, 60:00 minutes
Players Stats for Sasquatch
Player Name G A P +/- PIM S H SB GA TA FO MP PP MP PK MP
------------------------------------------------------------------------------------
Brock Trotter 0 0 0 0 0 1 0 0 0 0 0/1 10:19 0:00 2:41
Danny DeKeiser 0 1 1 2 0 1 1 0 0 1 0/0 20:33 0:00 4:46
Garnet Hathaway 0 1 1 1 0 2 2 0 0 0 0/0 8:40 0:00 0:00
Jason Akeson 0 1 1 1 0 1 3 0 0 1 0/2 19:37 6:20 0:00
Jason Zucker 1 0 1 1 0 3 0 1 1 0 0/0 10:30 0:00 1:19
Jonathan Blum 0 0 0 1 0 1 1 2 0 0 0/0 24:37 4:42 2:42
Kris Russell 0 0 0 -2 0 1 2 1 1 1 0/0 17:25 2:26 2:24
Lars Eller 1 0 1 -4 2 8 5 0 2 0 7/19 18:59 6:20 1:33
Linus Omark 1 0 1 1 2 4 2 0 0 1 1/1 19:53 6:20 0:15
Nick Leddy 0 1 1 0 0 4 1 0 0 2 0/0 27:59 7:15 3:14
Philip Varone 0 0 0 1 0 0 1 1 0 0 2/5 10:07 0:00 0:57
Ryan Strome 0 0 0 0 0 0 2 1 0 0 0/0 13:02 5:37 0:00
Sergey Kalinin 1 0 1 1 0 2 1 0 0 0 9/15 11:32 0:00 4:04
Slava Voynov 0 0 0 -2 0 0 0 1 0 0 0/0 17:54 7:15 0:00
Stephane Da Costa 0 0 0 1 2 7 3 0 0 0 10/22 18:45 5:37 0:02
Teemu Hartikainen 0 1 1 -3 4 2 2 1 2 1 0/1 19:02 5:37 2:17
Tyler Randell 0 0 0 -4 0 0 2 0 0 0 0/0 11:08 0:00 0:00
Yann Sauvé 0 0 0 -1 0 0 0 0 0 0 0/0 11:32 2:16 1:14
Players Stats for Remparts
Player Name G A P +/- PIM S H SB GA TA FO MP PP MP PK MP
------------------------------------------------------------------------------------
Cédric Lalonde-McNicoll 0 1 1 1 0 3 1 0 0 0 4/10 13:31 0:00 3:42
Daniel Paille 1 0 1 -3 2 4 2 0 2 1 2/4 25:02 3:50 6:54
Erik Gudbranson 0 0 0 1 0 1 2 3 1 1 0/0 28:37 4:22 7:53
Erik Gustafsson 0 0 0 0 0 1 2 0 0 0 0/0 10:20 0:00 0:00
Geordie Wudrick 0 0 0 0 0 0 0 0 0 0 1/1 6:31 0:00 0:10
Guillaume Desbiens 2 2 4 3 0 5 0 0 0 0 0/0 12:45 3:09 0:00
Johannes Salmonsson 2 2 4 3 2 3 0 0 0 0 1/1 17:35 3:09 3:57
Jonathan Cheechoo 0 0 0 0 0 1 0 0 0 0 0/0 6:02 0:11 0:00
Jonathan Matsumoto 0 1 1 -3 2 4 1 1 0 0 17/33 18:28 4:01 0:00
Keith Ballard 0 2 2 1 0 1 2 2 3 0 0/0 29:21 4:22 8:15
Luca Caputi 1 0 1 1 4 1 1 0 0 0 0/0 11:40 0:00 1:16
Matt Halischuk 0 0 0 -3 0 2 0 0 0 1 0/0 18:11 3:50 0:00
Max Reinhart 0 0 0 0 0 0 1 0 0 0 8/11 13:22 0:00 7:09
Mika Zibanejad 0 2 2 3 0 3 0 0 0 1 4/6 14:18 3:09 0:46
Nate Guenin 0 0 0 0 2 0 0 2 0 0 0/0 10:54 0:00 0:24
Petr Straka 0 1 1 1 0 2 0 1 0 1 0/0 9:54 0:11 0:00
Radko Gudas 0 0 0 0 2 0 0 0 1 0 0/0 20:22 2:48 3:18
William Colbert 0 0 0 0 0 1 0 2 0 1 0/0 21:03 2:48 4:04
3 Stars
1 - Guillaume Desbiens (Que)
2 - Johannes Salmonsson (Que)
3 - Mika Zibanejad (Que)
Power Play
Sasquatch - 1 on 7 Attempt(s) - 14.29%
Remparts - 2 on 5 Attempt(s) - 40.00%
Penalty Kill
Sasquatch - 3 on 5 Attempt(s) - 60.00%
- Score 1 goal in Penalty Kill
Remparts - 6 on 7 Attempt(s) - 85.71%
- Score 0 goal in Penalty Kill
Team Stat
Sasquatch - Hits : 28 - Faceoff Wins : 29 - Blocked Shots : 8 - Penalty Minutes : 10
Remparts - Hits : 12 - Faceoff Wins : 37 - Blocked Shots : 11 - Penalty Minutes : 14
Official
Referees : Furlatt Eric and Meier Brad
Linesman : Brian Mach and Andy McElman
Game Notes
Yann Sauvé is injured at 12:44 of 2nd period (Left Leg)
15:05 of 2nd period - Remparts goal is going for a video replay. After video review, Goal.
Finance
Level 1 -- Attendance: 1462 (73.10%) -- Ticket Income $36,550
Level 2 -- Attendance: 719 (71.90%) -- Ticket Income $10,785
Total Attendance: 2181 (72.70%)
Total Ticket Income: $47,335
Other Income: $2,367
Total Income: $49,702
Sasquatch
5 vs 5 Forward
Center Left Wing Right Wing Time % Phy DF OF
1 Stephane Da Costa Linus Omark Jason Akeson 40 1 2 2
2 Lars Eller Teemu Hartikainen Tyler Randell 30 1 2 2
3 Sergey Kalinin Brock Trotter Ryan Strome 20 1 2 2
4 Philip Varone Jason Zucker Garnet Hathaway 10 1 2 2
5 vs 5 Defense
Defense Defense Time % Phy DF OF
1 Nick Leddy Yann Sauvé 40 1 2 2
2 Danny DeKeiser Jonathan Blum 30 1 2 2
3 Kris Russell Slava Voynov 20 1 2 2
4 Jonathan Blum Nick Leddy 10 1 2 2
PowerPlay Forward
Center Left Wing Right Wing Time % Phy DF OF
1 Lars Eller Linus Omark Jason Akeson 60 1 2 2
2 Stephane Da Costa Teemu Hartikainen Ryan Strome 40 1 2 2
PowerPlay Defense
Defense Defense Time % Phy DF OF
1 Nick Leddy Slava Voynov 60 1 2 2
2 Yann Sauvé Jonathan Blum 40 1 2 2
Penalty Kill 4 Players Forward
Center Wing Time % Phy DF OF
1 Sergey Kalinin Teemu Hartikainen 60 1 2 2
2 Lars Eller Linus Omark 40 1 2 2
Penalty Kill 4 Players Defense
Defense Defense Time % Phy DF OF
1 Danny DeKeiser Yann Sauvé 60 1 2 2
2 Kris Russell Jonathan Blum 40 1 2 2
Penalty Kill - 3 Players Forward
Forward Time % Phy DF OF
1 Lars Eller 60 1 2 2
2 Sergey Kalinin 40 1 2 2
Penalty Kill - 3 Players Defense
Defense Defense Time % Phy DF OF
1 Yann Sauvé Danny DeKeiser 60 1 2 2
2 Kris Russell Jonathan Blum 40 1 2 2
4 vs 4 Forward
Center Wing Time % Phy DF OF
1 Philip Varone Teemu Hartikainen 60 1 2 2
2 Stephane Da Costa Linus Omark 40 1 2 2
4 vs 4 Defense
Defense Defense Time % Phy DF OF
1 Yann Sauvé Nick Leddy 60 1 2 2
2 Danny DeKeiser Jonathan Blum 40 1 2 2
Last Minutes Offensive
Center Left Wing Right Wing Defense Defense
Lars Eller Linus Omark Jason Akeson Nick Leddy Jonathan Blum
Last Minutes Defensive
Center Left Wing Right Wing Defense Defense
Philip Varone Linus Omark Teemu Hartikainen Danny DeKeiser Yann Sauvé
Goaltenders
Starting : Corey Crawford
Backup : Martin Houle
Extra Forwards
Normal : Jason Zucker, Philip Varone, Brock Trotter - PP : Philip Varone, Linus Omark - PK : Brock Trotter
Extra Defensemen
Normal : Jonathan Blum, Kris Russell, Danny DeKeiser - PP : Kris Russell - PK : Nick Leddy, Danny DeKeiser
Penalty Shots
Linus Omark, Lars Eller, Jason Akeson, Ryan Strome, Jason Zucker
Scratches
Andy Andreoff (Healthy), Drew Shore (Left Hip Injury), James Wisniewski (Sprained Right Knee Injury), Ty Rattie (Healthy), Michal Jordan (Healthy)
Yann Sauvé (Left Leg Injury), Jack Campbell (Healthy)
Remparts
5 vs 5 Forward
Center Left Wing Right Wing Time % Phy DF OF
1 Jonathan Matsumoto Daniel Paille Matt Halischuk 40 0 2 3
2 Mika Zibanejad Johannes Salmonsson Guillaume Desbiens 30 0 2 3
3 Cédric Lalonde-McNicoll Luca Caputi Petr Straka 20 0 2 3
4 Max Reinhart Geordie Wudrick Jonathan Cheechoo 10 0 3 2
5 vs 5 Defense
Defense Defense Time % Phy DF OF
1 Erik Gudbranson Keith Ballard 40 0 2 3
2 William Colbert Radko Gudas 30 0 2 3
3 Erik Gustafsson Nate Guenin 20 1 2 2
4 Erik Gudbranson Keith Ballard 10 0 2 3
PowerPlay Forward
Center Left Wing Right Wing Time % Phy DF OF
1 Jonathan Matsumoto Daniel Paille Matt Halischuk 60 1 0 4
2 Mika Zibanejad Johannes Salmonsson Guillaume Desbiens 40 1 0 4
PowerPlay Defense
Defense Defense Time % Phy DF OF
1 Erik Gudbranson Keith Ballard 60 1 1 3
2 Radko Gudas William Colbert 40 1 1 3
Penalty Kill 4 Players Forward
Center Wing Time % Phy DF OF
1 Max Reinhart Daniel Paille 60 1 4 0
2 Cédric Lalonde-McNicoll Johannes Salmonsson 40 1 4 0
Penalty Kill 4 Players Defense
Defense Defense Time % Phy DF OF
1 Erik Gudbranson Keith Ballard 60 1 4 0
2 William Colbert Radko Gudas 40 1 4 0
Penalty Kill - 3 Players Forward
Forward Time % Phy DF OF
1 Max Reinhart 60 1 2 2
2 Cédric Lalonde-McNicoll 40 1 2 2
Penalty Kill - 3 Players Defense
Defense Defense Time % Phy DF OF
1 Erik Gudbranson Keith Ballard 60 1 2 2
2 William Colbert Radko Gudas 40 1 2 2
4 vs 4 Forward
Center Wing Time % Phy DF OF
1 Jonathan Matsumoto Daniel Paille 60 0 2 3
2 Mika Zibanejad Matt Halischuk 40 0 2 3
4 vs 4 Defense
Defense Defense Time % Phy DF OF
1 Erik Gudbranson Keith Ballard 60 0 2 3
2 William Colbert Radko Gudas 40 0 2 3
Last Minutes Offensive
Center Left Wing Right Wing Defense Defense
Jonathan Matsumoto Daniel Paille Guillaume Desbiens Erik Gudbranson Keith Ballard
Last Minutes Defensive
Center Left Wing Right Wing Defense Defense
Jonathan Matsumoto Daniel Paille Guillaume Desbiens Erik Gudbranson Keith Ballard
Goaltenders
Starting : Petr Mrazek
Backup : Tyler Plante
Extra Forwards
Normal : Mika Zibanejad, Daniel Paille, Max Reinhart - PP : Mika Zibanejad, Petr Straka - PK : Luca Caputi
Extra Defensemen
Normal : Radko Gudas, Erik Gudbranson, William Colbert - PP : Nate Guenin - PK : Radko Gudas, Erik Gudbranson
Penalty Shots
Daniel Paille, Jonathan Matsumoto, Jonathan Cheechoo, Matt Halischuk, Cédric Lalonde-McNicoll
Scratches
Brandon Gormley (Bruised Right Foot Injury), Michael Paliotta (Healthy), Ivan Vishnevski (Healthy), Chris Mueller (Healthy), Jarod Palmer (Healthy)
Dale Weise (Healthy)
% Time on Ice - Sasquatch
Lines # - Real PCT - Wanted PCT - Time Play
Normal Forward
1 - 33% - 40% - 13:30
2 - 29% - 30% - 11:41
3 - 17% - 20% - 7:02
4 - 21% - 10% - 8:40
Normal Defense
1 - 46% - 40% - 18:54
2 - 28% - 30% - 11:19
3 - 24% - 20% - 9:51
4 - 2% - 10% - 0:49
PP Forward
1 - 53% - 60% - 6:20
2 - 47% - 40% - 5:37
PP Defense
1 - 61% - 60% - 7:15
2 - 39% - 40% - 4:42
PK Forward
1 - 88% - 60% - 5:16
2 - 12% - 40% - 0:43
PK Defense
1 - 66% - 60% - 3:56
2 - 34% - 40% - 2:03
PK3 Forward
1 - 96% - 60% - 1:08
2 - 4% - 40% - 0:03
PK3 Defense
1 - 70% - 60% - 0:50
2 - 30% - 40% - 0:21
44 Forward
1 - 0% - 60%
2 - 0% - 40%
44 Defense
1 - 0% - 60%
2 - 0% - 40%
Last Minute Offensive - 0:00
Last Minute Defensive - 0:00
Total
Forward - 60:00
Defense - 60:00
|
% Time on Ice - Remparts
Lines # - Real PCT - Wanted PCT - Time Play
Normal Forward
1 - 38% - 40% - 15:38
2 - 24% - 30% - 9:43
3 - 24% - 20% - 9:42
4 - 14% - 10% - 5:50
Normal Defense
1 - 38% - 40% - 15:29
2 - 35% - 30% - 14:11
3 - 25% - 20% - 10:20
4 - 2% - 10% - 0:53
PP Forward
1 - 56% - 60% - 4:01
2 - 44% - 40% - 3:09
PP Defense
1 - 61% - 60% - 4:22
2 - 39% - 40% - 2:48
PK Forward
1 - 69% - 60% - 8:15
2 - 31% - 40% - 3:42
PK Defense
1 - 66% - 60% - 7:53
2 - 34% - 40% - 4:04
PK3 Forward
1 - 0% - 60%
2 - 0% - 40%
PK3 Defense
1 - 0% - 60%
2 - 0% - 40%
44 Forward
1 - 0% - 60%
2 - 0% - 40%
44 Defense
1 - 0% - 60%
2 - 0% - 40%
Last Minute Offensive - 0:00
Last Minute Defensive - 0:00
Total
Forward - 60:00
Defense - 60:00
|
Play by Play
1st period
0:01 of 1st period - Jonathan Matsumoto wins face-off versus Stephane Da Costa in neutral zone.
0:04 of 1st period - Snap shot by Jonathan Matsumoto.
0:04 of 1st period - Stopped by Corey Crawford with a rebound.
0:25 of 1st period - Johannes Salmonsson is hit by Lars Eller and loses puck.
1:04 of 1st period - Minor Penalty to Luca Caputi for Roughing.
1:05 of 1st period - Max Reinhart wins face-off versus Lars Eller in Remparts zone.
1:16 of 1st period - Snap shot by Jason Akeson.
1:16 of 1st period - Shot Misses the Net.
1:18 of 1st period - Slapshot by Yann Sauvé.
1:18 of 1st period - Shot Misses the Net.
1:20 of 1st period - Snap shot by Jason Akeson.
1:20 of 1st period - Deflect By Lars Eller.
1:20 of 1st period - Shot Misses the Net.
1:20 of 1st period - Puck is out of play.
1:21 of 1st period - Stephane Da Costa wins face-off versus Cédric Lalonde-McNicoll in Remparts zone.
1:26 of 1st period - Wrist shot by Jonathan Blum.
1:26 of 1st period - Stopped by Petr Mrazek without a rebound.
1:27 of 1st period - Stephane Da Costa wins face-off versus Cédric Lalonde-McNicoll in Remparts zone.
1:40 of 1st period - Wrist shot by Stephane Da Costa.
1:40 of 1st period - Stopped by Petr Mrazek with a rebound.
3:04 of 1st period - Penalty to Luca Caputi is over, Luca Caputi is back on ice.
3:29 of 1st period - Nate Guenin is hit by Ryan Strome and loses puck.
3:48 of 1st period - Wrist shot by Jason Zucker.
3:48 of 1st period - Deflect By Jonathan Cheechoo.
3:48 of 1st period - Shot Misses the Net.
3:48 of 1st period - Puck is out of play.
3:49 of 1st period - Geordie Wudrick wins face-off versus Philip Varone in Remparts zone.
3:49 of 1st period - Geordie Wudrick is hit by Garnet Hathaway.
5:47 of 1st period - Snap shot by Cédric Lalonde-McNicoll.
5:47 of 1st period - Stopped by Corey Crawford without a rebound.
5:48 of 1st period - Cédric Lalonde-McNicoll wins face-off versus Lars Eller in Sasquatch zone.
5:57 of 1st period - Snap shot by Lars Eller.
5:57 of 1st period - Stopped by Petr Mrazek without a rebound.
5:58 of 1st period - Jonathan Matsumoto wins face-off versus Stephane Da Costa in Remparts zone.
6:01 of 1st period - Snap shot by Linus Omark.
6:01 of 1st period - Goal by Linus Omark - Sasquatch : 1 - Remparts : 0.
6:02 of 1st period - Daniel Paille wins face-off versus Stephane Da Costa in neutral zone.
6:15 of 1st period - Daniel Paille is hit by Linus Omark.
6:27 of 1st period - Keith Ballard is hit by Tyler Randell and loses puck.
6:36 of 1st period - Wrist shot by Guillaume Desbiens.
6:36 of 1st period - Deflect By Lars Eller.
6:36 of 1st period - Stopped by Corey Crawford without a rebound.
6:37 of 1st period - Lars Eller wins face-off versus Jonathan Matsumoto in Sasquatch zone.
7:03 of 1st period - Radko Gudas is hit by Nick Leddy and loses puck.
7:48 of 1st period - Slapshot by Garnet Hathaway.
7:48 of 1st period - Stopped by Petr Mrazek without a rebound.
7:49 of 1st period - Philip Varone wins face-off versus Jonathan Matsumoto in Remparts zone.
7:56 of 1st period - Wrist shot by Jason Zucker.
7:56 of 1st period - Stopped by Petr Mrazek with a rebound.
8:26 of 1st period - Wrist shot by Luca Caputi.
8:26 of 1st period - Shot Blocked by Philip Varone.
8:42 of 1st period - Off-side.
8:43 of 1st period - Stephane Da Costa wins face-off versus Jonathan Matsumoto in neutral zone.
8:52 of 1st period - Snap shot by Linus Omark.
8:52 of 1st period - Deflect By Stephane Da Costa.
8:52 of 1st period - Stopped by Petr Mrazek with a rebound.
9:16 of 1st period - Minor Penalty to Daniel Paille for Tripping.
9:17 of 1st period - Lars Eller wins face-off versus Max Reinhart in Remparts zone.
9:17 of 1st period - Snap shot by Jason Akeson.
9:17 of 1st period - Shot Blocked by Keith Ballard.
9:19 of 1st period - Snap shot by Lars Eller.
9:19 of 1st period - Goal by Lars Eller - Sasquatch : 2 - Remparts : 0.
9:20 of 1st period - Lars Eller wins face-off versus Jonathan Matsumoto in neutral zone.
9:33 of 1st period - Slapshot by Jonathan Matsumoto.
9:33 of 1st period - Shot Misses the Net.
9:35 of 1st period - Slapshot by Erik Gudbranson.
9:35 of 1st period - Shot Blocked by Teemu Hartikainen.
9:45 of 1st period - Johannes Salmonsson is hit by Linus Omark and loses puck.
9:54 of 1st period - Wrist shot by Linus Omark.
9:54 of 1st period - Stopped by Petr Mrazek with a rebound.
10:12 of 1st period - Slapshot by Nick Leddy.
10:12 of 1st period - Stopped by Petr Mrazek without a rebound.
10:13 of 1st period - Jonathan Matsumoto wins face-off versus Philip Varone in Remparts zone.
10:24 of 1st period - Wrist shot by Jason Zucker.
10:24 of 1st period - Shot Blocked by Nate Guenin.
10:26 of 1st period - Slapshot by Jason Zucker.
10:26 of 1st period - Goal by Jason Zucker - Sasquatch : 3 - Remparts : 0.
10:27 of 1st period - Stephane Da Costa wins face-off versus Jonathan Matsumoto in neutral zone.
10:52 of 1st period - Erik Gudbranson is hit by Tyler Randell and loses puck.
11:19 of 1st period - Slapshot by Jonathan Blum.
11:19 of 1st period - Shot Blocked by William Colbert.
11:21 of 1st period - Wrist shot by Sergey Kalinin.
11:21 of 1st period - Shot Misses the Net.
11:34 of 1st period - William Colbert is hit by Garnet Hathaway and loses puck.
12:15 of 1st period - Snap shot by Lars Eller.
12:15 of 1st period - Stopped by Petr Mrazek without a rebound.
12:16 of 1st period - Mika Zibanejad wins face-off versus Lars Eller in Remparts zone.
12:29 of 1st period - Snap shot by Guillaume Desbiens.
12:29 of 1st period - Goal by Guillaume Desbiens - Sasquatch : 3 - Remparts : 1.
12:30 of 1st period - Stephane Da Costa wins face-off versus Daniel Paille in neutral zone.
12:35 of 1st period - Snap shot by Stephane Da Costa.
12:35 of 1st period - Stopped by Petr Mrazek without a rebound.
12:36 of 1st period - Stephane Da Costa wins face-off versus Jonathan Matsumoto in Remparts zone.
12:37 of 1st period - Wrist shot by Linus Omark.
12:37 of 1st period - Shot Misses the Net.
12:39 of 1st period - Slapshot by Yann Sauvé.
12:39 of 1st period - Shot Blocked by Jonathan Matsumoto.
14:13 of 1st period - Wrist shot by Max Reinhart.
14:13 of 1st period - Deflect By Jonathan Cheechoo.
14:13 of 1st period - Stopped by Corey Crawford with a rebound.
14:45 of 1st period - Snap shot by Stephane Da Costa.
14:45 of 1st period - Deflect By Johannes Salmonsson.
14:45 of 1st period - Shot Misses the Net.
14:45 of 1st period - Puck is out of play.
14:46 of 1st period - Jonathan Matsumoto wins face-off versus Stephane Da Costa in Remparts zone.
16:53 of 1st period - Snap shot by Brock Trotter.
16:53 of 1st period - Stopped by Petr Mrazek with a rebound.
17:42 of 1st period - Slapshot by Jonathan Blum.
17:42 of 1st period - Shot Misses the Net.
17:54 of 1st period - Icing by Nick Leddy.
17:55 of 1st period - Lars Eller wins face-off versus Cédric Lalonde-McNicoll in Sasquatch zone.
18:13 of 1st period - Icing by Lars Eller.
18:14 of 1st period - Jonathan Matsumoto wins face-off versus Lars Eller in Sasquatch zone.
18:30 of 1st period - Wrist shot by Teemu Hartikainen.
18:30 of 1st period - Deflect By Lars Eller.
18:30 of 1st period - Shot Misses the Net.
18:30 of 1st period - Puck is out of play.
18:31 of 1st period - Stephane Da Costa wins face-off versus Mika Zibanejad in Remparts zone.
18:36 of 1st period - Wrist shot by Stephane Da Costa.
18:36 of 1st period - Shot Misses the Net.
18:38 of 1st period - Minor Penalty to Johannes Salmonsson for Hooking.
18:39 of 1st period - Lars Eller wins face-off versus Max Reinhart in Remparts zone.
19:34 of 1st period - Luca Caputi is hit by Teemu Hartikainen and loses puck.
19:51 of 1st period - Daniel Paille is hit by Lars Eller and loses puck.
Goals for this period are 3 for Sasquatch vs 1 for Remparts.
Shots for this period are 14 for Sasquatch vs 5 for Remparts.
2nd period
0:01 of 2nd period - Max Reinhart wins face-off versus Jason Akeson in neutral zone.
0:38 of 2nd period - Penalty to Johannes Salmonsson is over, Johannes Salmonsson is back on ice.
0:49 of 2nd period - Snap shot by Mika Zibanejad.
0:49 of 2nd period - Stopped by Corey Crawford without a rebound.
0:50 of 2nd period - Johannes Salmonsson wins face-off versus Philip Varone in Sasquatch zone.
1:37 of 2nd period - Wrist shot by Sergey Kalinin.
1:37 of 2nd period - Stopped by Petr Mrazek with a rebound.
1:45 of 2nd period - Snap shot by Cédric Lalonde-McNicoll.
1:45 of 2nd period - Stopped by Corey Crawford with a rebound.
2:03 of 2nd period - Snap shot by Lars Eller.
2:03 of 2nd period - Stopped by Petr Mrazek with a rebound.
2:05 of 2nd period - Slapshot by Jonathan Blum.
2:05 of 2nd period - Shot Blocked by Nate Guenin.
2:11 of 2nd period - Minor Penalty to Nate Guenin for Interference.
2:12 of 2nd period - Daniel Paille wins face-off versus Lars Eller in Remparts zone.
2:12 of 2nd period - Daniel Paille is hit by Jason Akeson.
2:41 of 2nd period - Off-side.
2:42 of 2nd period - Cédric Lalonde-McNicoll wins face-off versus Stephane Da Costa in neutral zone.
2:47 of 2nd period - Snap shot by Cédric Lalonde-McNicoll.
2:47 of 2nd period - Shot Misses the Net.
2:50 of 2nd period - Icing by Teemu Hartikainen.
2:51 of 2nd period - Max Reinhart wins face-off versus Teemu Hartikainen in Sasquatch zone.
3:08 of 2nd period - Slapshot by Nick Leddy.
3:08 of 2nd period - Stopped by Petr Mrazek with a rebound.
3:19 of 2nd period - Off-side.
3:20 of 2nd period - Cédric Lalonde-McNicoll wins face-off versus Lars Eller in neutral zone.
3:50 of 2nd period - Stephane Da Costa is hit by Daniel Paille and loses puck.
4:11 of 2nd period - Penalty to Nate Guenin is over, Nate Guenin is back on ice.
4:58 of 2nd period - Snap shot by Petr Straka.
4:58 of 2nd period - Stopped by Corey Crawford with a rebound.
5:00 of 2nd period - Slapshot by Cédric Lalonde-McNicoll.
5:00 of 2nd period - Shot Blocked by Jonathan Blum.
5:02 of 2nd period - Slapshot by William Colbert.
5:02 of 2nd period - Stopped by Corey Crawford with a rebound.
5:36 of 2nd period - Max Reinhart is hit by Lars Eller.
5:54 of 2nd period - Slapshot by Petr Straka.
5:54 of 2nd period - Stopped by Corey Crawford with a rebound.
5:56 of 2nd period - Wrist shot by Cédric Lalonde-McNicoll.
5:56 of 2nd period - Shot Misses the Net.
5:58 of 2nd period - Snap shot by Luca Caputi.
5:58 of 2nd period - Goal by Luca Caputi - Sasquatch : 3 - Remparts : 2.
5:59 of 2nd period - Stephane Da Costa wins face-off versus Mika Zibanejad in neutral zone.
6:01 of 2nd period - Minor Penalty to Linus Omark for Hooking.
6:02 of 2nd period - Sergey Kalinin wins face-off versus Jonathan Matsumoto in Sasquatch zone.
6:16 of 2nd period - Snap shot by Daniel Paille.
6:16 of 2nd period - Shot Misses the Net.
6:18 of 2nd period - Wrist shot by Keith Ballard.
6:18 of 2nd period - Deflect By Danny DeKeiser.
6:18 of 2nd period - Stopped by Corey Crawford with a rebound.
6:52 of 2nd period - Matt Halischuk is hit by Kris Russell and loses puck.
8:01 of 2nd period - Penalty to Linus Omark is over, Linus Omark is back on ice.
8:30 of 2nd period - Radko Gudas is hit by Philip Varone and loses puck.
9:38 of 2nd period - Linus Omark is hit by Keith Ballard and loses puck.
11:19 of 2nd period - Off-side.
11:20 of 2nd period - Philip Varone wins face-off versus Cédric Lalonde-McNicoll in neutral zone.
11:32 of 2nd period - Jason Zucker is hit by Cédric Lalonde-McNicoll and loses puck.
11:57 of 2nd period - Jason Akeson is hit by Daniel Paille and loses puck.
12:14 of 2nd period - Snap shot by Lars Eller.
12:14 of 2nd period - Deflect By Tyler Randell.
12:14 of 2nd period - Shot Misses the Net.
12:14 of 2nd period - Puck is out of play.
12:15 of 2nd period - Mika Zibanejad wins face-off versus Lars Eller in Remparts zone.
12:15 of 2nd period - Mika Zibanejad is hit by Lars Eller.
12:23 of 2nd period - Wrist shot by Guillaume Desbiens.
12:23 of 2nd period - Goal by Guillaume Desbiens - Sasquatch : 3 - Remparts : 3.
12:24 of 2nd period - Jonathan Matsumoto wins face-off versus Jason Akeson in neutral zone.
12:27 of 2nd period - Slapshot by Erik Gudbranson.
12:27 of 2nd period - Stopped by Corey Crawford without a rebound.
12:28 of 2nd period - Jonathan Matsumoto wins face-off versus Stephane Da Costa in Sasquatch zone.
12:43 of 2nd period - Yann Sauvé is hit by Erik Gudbranson and loses puck.
12:44 of 2nd period - Yann Sauvé from Sasquatch is injured at 12:44 of 2nd period (Left Leg).
12:45 of 2nd period - Jonathan Matsumoto wins face-off versus Stephane Da Costa in Sasquatch zone.
12:50 of 2nd period - Snap shot by Matt Halischuk.
12:50 of 2nd period - Deflect By Jonathan Matsumoto.
12:50 of 2nd period - Stopped by Corey Crawford with a rebound.
12:56 of 2nd period - Slapshot by Nick Leddy.
12:56 of 2nd period - Stopped by Petr Mrazek with a rebound.
13:00 of 2nd period - Wrist shot by Linus Omark.
13:00 of 2nd period - Shot Misses the Net.
13:10 of 2nd period - Mika Zibanejad is hit by Lars Eller and loses puck.
13:27 of 2nd period - Minor Penalty to Teemu Hartikainen for Tripping.
13:28 of 2nd period - Sergey Kalinin wins face-off versus Jonathan Matsumoto in Sasquatch zone.
14:01 of 2nd period - Wrist shot by Guillaume Desbiens.
14:01 of 2nd period - Stopped by Corey Crawford without a rebound.
14:02 of 2nd period - Mika Zibanejad wins face-off versus Sergey Kalinin in Sasquatch zone.
14:09 of 2nd period - Snap shot by Guillaume Desbiens.
14:09 of 2nd period - Shot Misses the Net.
14:41 of 2nd period - Wrist shot by Guillaume Desbiens.
14:41 of 2nd period - Shot Misses the Net.
14:43 of 2nd period - Slapshot by William Colbert.
14:43 of 2nd period - Shot Blocked by Jason Zucker.
14:45 of 2nd period - Snap shot by Guillaume Desbiens.
14:45 of 2nd period - Shot Misses the Net.
14:59 of 2nd period - Slapshot by Mika Zibanejad.
14:59 of 2nd period - Shot Misses the Net.
15:01 of 2nd period - Slapshot by Johannes Salmonsson.
15:01 of 2nd period - Shot Misses the Net.
15:03 of 2nd period - Wrist shot by Johannes Salmonsson.
15:03 of 2nd period - Stopped by Corey Crawford with a rebound.
15:05 of 2nd period - Snap shot by Johannes Salmonsson.
15:05 of 2nd period - Remparts goal is going for a video replay.
15:05 of 2nd period - The goal is good.
15:05 of 2nd period - Goal by Johannes Salmonsson - Sasquatch : 3 - Remparts : 4.
15:06 of 2nd period - Jonathan Matsumoto wins face-off versus Stephane Da Costa in neutral zone.
15:15 of 2nd period - Slapshot by Nick Leddy.
15:15 of 2nd period - Deflect By Jonathan Matsumoto.
15:15 of 2nd period - Stopped by Petr Mrazek with a rebound.
15:52 of 2nd period - Brock Trotter is hit by Jonathan Matsumoto and loses puck.
16:49 of 2nd period - Wrist shot by Guillaume Desbiens.
16:49 of 2nd period - Shot Misses the Net.
16:51 of 2nd period - Slapshot by Nate Guenin.
16:51 of 2nd period - Shot Blocked by Jonathan Blum.
16:53 of 2nd period - Slapshot by Erik Gustafsson.
16:53 of 2nd period - Stopped by Corey Crawford with a rebound.
16:55 of 2nd period - Wrist shot by Mika Zibanejad.
16:55 of 2nd period - Stopped by Corey Crawford with a rebound.
17:09 of 2nd period - Cédric Lalonde-McNicoll is hit by Stephane Da Costa and loses puck.
17:26 of 2nd period - Nick Leddy is hit by Max Reinhart and loses puck.
17:59 of 2nd period - Minor Penalty to Lars Eller for Slashing.
18:00 of 2nd period - Jonathan Matsumoto wins face-off versus Sergey Kalinin in Sasquatch zone.
18:05 of 2nd period - Snap shot by Daniel Paille.
18:05 of 2nd period - Stopped by Corey Crawford with a rebound.
18:07 of 2nd period - Snap shot by Matt Halischuk.
18:07 of 2nd period - Stopped by Corey Crawford without a rebound.
18:08 of 2nd period - Sergey Kalinin wins face-off versus Jonathan Matsumoto in Sasquatch zone.
18:17 of 2nd period - Snap shot by Teemu Hartikainen.
18:17 of 2nd period - Stopped by Petr Mrazek without a rebound.
18:18 of 2nd period - Sergey Kalinin wins face-off versus Jonathan Matsumoto in Remparts zone.
18:19 of 2nd period - Wrist shot by Teemu Hartikainen.
18:19 of 2nd period - Deflect By Sergey Kalinin.
18:19 of 2nd period - Goal by Sergey Kalinin - Sasquatch : 4 - Remparts : 4.
18:20 of 2nd period - Jonathan Matsumoto wins face-off versus Sergey Kalinin in neutral zone.
18:25 of 2nd period - Slapshot by Nick Leddy.
18:25 of 2nd period - Shot Misses the Net.
18:33 of 2nd period - Slapshot by Daniel Paille.
18:33 of 2nd period - Stopped by Corey Crawford without a rebound.
18:34 of 2nd period - Sergey Kalinin wins face-off versus Jonathan Matsumoto in Sasquatch zone.
18:45 of 2nd period - Wrist shot by Daniel Paille.
18:45 of 2nd period - Goal by Daniel Paille - Sasquatch : 4 - Remparts : 5.
18:46 of 2nd period - Stephane Da Costa wins face-off versus Jonathan Matsumoto in neutral zone.
18:53 of 2nd period - Snap shot by Stephane Da Costa.
18:53 of 2nd period - Stopped by Petr Mrazek without a rebound.
18:54 of 2nd period - Jonathan Matsumoto wins face-off versus Stephane Da Costa in Remparts zone.
19:01 of 2nd period - Snap shot by Stephane Da Costa.
19:01 of 2nd period - Stopped by Petr Mrazek with a rebound.
19:24 of 2nd period - Minor Penalty to Jonathan Matsumoto for Slashing.
19:25 of 2nd period - Max Reinhart wins face-off versus Lars Eller in Remparts zone.
19:25 of 2nd period - Max Reinhart is hit by Jason Akeson.
19:54 of 2nd period - Slapshot by Teemu Hartikainen.
19:54 of 2nd period - Deflect By Daniel Paille.
19:54 of 2nd period - Stopped by Petr Mrazek with a rebound.
Goals for this period are 1 for Sasquatch vs 4 for Remparts.
Shots for this period are 10 for Sasquatch vs 19 for Remparts.
3rd period
0:01 of 3rd period - Lars Eller wins face-off versus Max Reinhart in neutral zone.
0:10 of 3rd period - Wrist shot by Jason Akeson.
0:10 of 3rd period - Stopped by Petr Mrazek with a rebound.
0:12 of 3rd period - Wrist shot by Lars Eller.
0:12 of 3rd period - Deflect By Erik Gudbranson.
0:12 of 3rd period - Shot Blocked by Erik Gudbranson.
0:12 of 3rd period - Puck is out of play.
0:13 of 3rd period - Max Reinhart wins face-off versus Lars Eller in Remparts zone.
0:38 of 3rd period - Keith Ballard is hit by Stephane Da Costa and loses puck.
1:24 of 3rd period - Penalty to Jonathan Matsumoto is over, Jonathan Matsumoto is back on ice.
2:06 of 3rd period - Daniel Paille is hit by Ryan Strome and loses puck.
2:48 of 3rd period - Wrist shot by Garnet Hathaway.
2:48 of 3rd period - Shot Blocked by Erik Gudbranson.
2:50 of 3rd period - Snap shot by Garnet Hathaway.
2:50 of 3rd period - Shot Blocked by Keith Ballard.
2:52 of 3rd period - Snap shot by Philip Varone.
2:52 of 3rd period - Shot Blocked by Petr Straka.
3:02 of 3rd period - Jason Akeson is hit by Keith Ballard and loses puck.
3:10 of 3rd period - Icing by Jason Akeson.
3:11 of 3rd period - Mika Zibanejad wins face-off versus Stephane Da Costa in Sasquatch zone.
3:38 of 3rd period - Backhand shot by Teemu Hartikainen.
3:38 of 3rd period - Deflect By Lars Eller.
3:38 of 3rd period - Stopped by Petr Mrazek with a rebound.
3:40 of 3rd period - Slapshot by Danny DeKeiser.
3:40 of 3rd period - Stopped by Petr Mrazek with a rebound.
4:12 of 3rd period - Snap shot by Jonathan Matsumoto.
4:12 of 3rd period - Shot Misses the Net.
4:52 of 3rd period - Snap shot by Lars Eller.
4:52 of 3rd period - Stopped by Petr Mrazek with a rebound.
4:54 of 3rd period - Slapshot by Danny DeKeiser.
4:54 of 3rd period - Shot Blocked by William Colbert.
5:00 of 3rd period - Minor Penalty to Radko Gudas for Tripping.
5:01 of 3rd period - Linus Omark wins face-off versus Cédric Lalonde-McNicoll in Remparts zone.
5:06 of 3rd period - Snap shot by Lars Eller.
5:06 of 3rd period - Stopped by Petr Mrazek without a rebound.
5:07 of 3rd period - Lars Eller wins face-off versus Cédric Lalonde-McNicoll in Remparts zone.
5:12 of 3rd period - Snap shot by Linus Omark.
5:12 of 3rd period - Stopped by Petr Mrazek with a rebound.
5:14 of 3rd period - Wrist shot by Jason Akeson.
5:14 of 3rd period - Shot Misses the Net.
5:16 of 3rd period - Snap shot by Nick Leddy.
5:16 of 3rd period - Deflect By Linus Omark.
5:16 of 3rd period - Stopped by Petr Mrazek with a rebound.
5:18 of 3rd period - Snap shot by Slava Voynov.
5:18 of 3rd period - Shot Misses the Net.
5:20 of 3rd period - Slapshot by Lars Eller.
5:20 of 3rd period - Stopped by Petr Mrazek with a rebound.
5:22 of 3rd period - Slapshot by Jason Akeson.
5:22 of 3rd period - Shot Blocked by Erik Gudbranson.
5:38 of 3rd period - Slapshot by Stephane Da Costa.
5:38 of 3rd period - Stopped by Petr Mrazek without a rebound.
5:39 of 3rd period - Max Reinhart wins face-off versus Stephane Da Costa in Remparts zone.
6:22 of 3rd period - Cédric Lalonde-McNicoll is hit by Kris Russell and loses puck.
7:00 of 3rd period - Penalty to Radko Gudas is over, Radko Gudas is back on ice.
7:14 of 3rd period - William Colbert is hit by Jonathan Blum and loses puck.
7:33 of 3rd period - Luca Caputi is hit by Danny DeKeiser and loses puck.
8:14 of 3rd period - Snap shot by Brock Trotter.
8:14 of 3rd period - Shot Misses the Net.
8:16 of 3rd period - Slapshot by Kris Russell.
8:16 of 3rd period - Stopped by Petr Mrazek with a rebound.
8:31 of 3rd period - Slava Voynov is hit by Erik Gustafsson.
8:41 of 3rd period - Daniel Paille is hit by Teemu Hartikainen.
8:55 of 3rd period - Icing by Matt Halischuk.
8:56 of 3rd period - Max Reinhart wins face-off versus Sergey Kalinin in Remparts zone.
9:20 of 3rd period - Minor Penalty to Stephane Da Costa for Interference.
9:21 of 3rd period - Sergey Kalinin wins face-off versus Jonathan Matsumoto in Sasquatch zone.
9:21 of 3rd period - Sergey Kalinin is hit by Erik Gudbranson.
9:25 of 3rd period - Off-side.
9:26 of 3rd period - Sergey Kalinin wins face-off versus Daniel Paille in neutral zone.
10:03 of 3rd period - Wrist shot by Guillaume Desbiens.
10:03 of 3rd period - Shot Misses the Net.
10:05 of 3rd period - Snap shot by Mika Zibanejad.
10:05 of 3rd period - Stopped by Corey Crawford without a rebound.
10:06 of 3rd period - Sergey Kalinin wins face-off versus Jonathan Matsumoto in Sasquatch zone.
10:08 of 3rd period - Minor Penalty to Teemu Hartikainen for Holding.
10:09 of 3rd period - Jonathan Matsumoto wins face-off versus Lars Eller in Sasquatch zone.
10:11 of 3rd period - Wrist shot by Jonathan Matsumoto.
10:11 of 3rd period - Shot Misses the Net.
10:13 of 3rd period - Wrist shot by Jonathan Matsumoto.
10:13 of 3rd period - Shot Misses the Net.
10:17 of 3rd period - Snap shot by Matt Halischuk.
10:17 of 3rd period - Stopped by Corey Crawford with a rebound.
10:19 of 3rd period - Snap shot by Erik Gudbranson.
10:19 of 3rd period - Deflect By Jonathan Matsumoto.
10:19 of 3rd period - Stopped by Corey Crawford without a rebound.
10:20 of 3rd period - Jonathan Matsumoto wins face-off versus Lars Eller in Sasquatch zone.
11:05 of 3rd period - Icing by Radko Gudas.
11:06 of 3rd period - Jonathan Matsumoto wins face-off versus Brock Trotter in Remparts zone.
11:20 of 3rd period - Penalty to Stephane Da Costa is over, Stephane Da Costa is back on ice.
11:33 of 3rd period - Slapshot by Radko Gudas.
11:33 of 3rd period - Shot Blocked by Kris Russell.
11:35 of 3rd period - Wrist shot by Guillaume Desbiens.
11:35 of 3rd period - Stopped by Corey Crawford without a rebound.
11:36 of 3rd period - Jonathan Matsumoto wins face-off versus Sergey Kalinin in Sasquatch zone.
12:01 of 3rd period - Mika Zibanejad is hit by Sergey Kalinin and loses puck.
12:08 of 3rd period - Penalty to Teemu Hartikainen is over, Teemu Hartikainen is back on ice.
12:52 of 3rd period - Snap shot by Jonathan Matsumoto.
12:52 of 3rd period - Stopped by Corey Crawford with a rebound.
13:08 of 3rd period - Slapshot by Guillaume Desbiens.
13:08 of 3rd period - Shot Blocked by Slava Voynov.
13:10 of 3rd period - Wrist shot by Johannes Salmonsson.
13:10 of 3rd period - Goal by Johannes Salmonsson - Sasquatch : 4 - Remparts : 6.
13:11 of 3rd period - Stephane Da Costa wins face-off versus Jonathan Matsumoto in neutral zone.
14:18 of 3rd period - Snap shot by Garnet Hathaway.
14:18 of 3rd period - Stopped by Petr Mrazek with a rebound.
14:34 of 3rd period - Nick Leddy is hit by Erik Gustafsson and loses puck.
15:21 of 3rd period - Slapshot by Erik Gudbranson.
15:21 of 3rd period - Shot Blocked by Ryan Strome.
15:23 of 3rd period - Snap shot by Keith Ballard.
15:23 of 3rd period - Shot Misses the Net.
15:25 of 3rd period - Wrist shot by Cédric Lalonde-McNicoll.
15:25 of 3rd period - Stopped by Corey Crawford without a rebound.
15:26 of 3rd period - Jonathan Matsumoto wins face-off versus Sergey Kalinin in Sasquatch zone.
15:41 of 3rd period - Slapshot by Daniel Paille.
15:41 of 3rd period - Stopped by Corey Crawford with a rebound.
15:51 of 3rd period - Luca Caputi is hit by Jason Akeson and loses puck.
16:00 of 3rd period - Snap shot by Stephane Da Costa.
16:00 of 3rd period - Stopped by Petr Mrazek with a rebound.
16:10 of 3rd period - Minor Penalty to Luca Caputi for Tripping.
16:11 of 3rd period - Max Reinhart wins face-off versus Lars Eller in Remparts zone.
18:10 of 3rd period - Penalty to Luca Caputi is over, Luca Caputi is back on ice.
18:15 of 3rd period - Luca Caputi is hit by Stephane Da Costa and loses puck.
18:36 of 3rd period - Snap shot by Jason Zucker.
18:36 of 3rd period - Stopped by Petr Mrazek with a rebound.
19:14 of 3rd period - Icing by Daniel Paille.
19:15 of 3rd period - Sergey Kalinin wins face-off versus Jonathan Matsumoto in Remparts zone.
19:27 of 3rd period - Icing by Matt Halischuk.
19:28 of 3rd period - Cédric Lalonde-McNicoll wins face-off versus Stephane Da Costa in Remparts zone.
19:33 of 3rd period - Jason Akeson is hit by Luca Caputi and loses puck.
Goals for this period are 0 for Sasquatch vs 1 for Remparts.
Shots for this period are 13 for Sasquatch vs 8 for Remparts.
Back to the Top